 Dungeon Crawl Stone Soup version 0.32-a0-913-g739538afd8 (webtiles) character file.

Game seed: 16778879265339065162

48 Autsider the Apothecary (level 3, -1/31 HPs)
             Began as a Naga Alchemist on Apr 7, 2024.
             Slain by a hobgoblin (5 damage)
             ... led by Robin
             ... on level 2 of the Dungeon.
             The game lasted 00:07:06 (1918 turns).

Autsider the Apothecary (Naga Alchemist)            Turns: 1918, Time: 00:07:06

Health: -1/31      AC:  4    Str: 10    XL:     3   Next: 72%
Magic:  3/6        EV:  7    Int: 15    God:
Gold:   166        SH:  0    Dex: 17    Spells: 5/6 levels left

rFire   + . .        f - +0 short sword
rCold   . . .        (no shield)
rNeg    . . .        l - +1 ring mail "Iggisef" {rF+ Dex+4}
rPois   +            (no helmet)
rElec   .            (no cloak)
rCorr   .            (no gloves)
SInv    +            (no barding)
Will    .....        (no amulet)
Stlth   ++           (no ring)
HPRegen 0.25/turn    (no ring)
MPRegen 0.10/turn

%: no passive effects
@: very slow
A: AC +1, large, see invisible, deformed body, poison resistance, slowness 2,
spit poison 1, naga tail 1
a: Spit Poison


You were on level 2 of the Dungeon.
You visited 1 branch of the dungeon, and saw 3 of its levels.

You collected 166 gold pieces.

Inventory:

Hand Weapons
 f - a +0 short sword (weapon)
Armour
 a - a +0 robe
 l - the +1 ring mail "Iggisef" (worn) {rF+ Dex+4}
   (You found it on level 2 of the Dungeon)

   Dex+4:     It affects your dexterity (+4).
   rF+:       It protects you from fire.
Jewellery
 i - an amulet of reflection
Talismans
 g - a storm talisman
Scrolls
 c - a scroll of fear {unknown}
 d - 3 scrolls of identify {unknown}
 h - a scroll of amnesia {unknown}
 j - a scroll of fog {unknown}
Potions
 b - a potion of magic
 e - a potion of heal wounds {unknown}


   Skills:
 + Level 1.1 Fighting
 + Level 0.1 Armour
 - Level 1.5 Dodging
 - Level 3.0 Stealth
 + Level 2.3 Spellcasting
 + Level 1.7 Conjurations
 * Level 4.4 Alchemy


You had 5 spell levels left.
You knew the following spells:

 Your Spells              Type           Power      Damage    Failure   Level
a - Sting                 Conj/Alch      44%        1d5       16%         1

Your spell library contained the following spells:

 Spells                   Type           Power      Damage    Failure   Level
 Mercury Vapours          Alch/Air       16%        N/A       34%         2
 Necrotise                Necr           4%         1d4       50%         1
 Slow                     Hex            4%         N/A       50%         1
 Mephitic Cloud           Conj/Alch/Air  8%         N/A       56%         3
 Olgreb's Toxic Radiance  Alch           15%        N/A       65%         4
 Confusing Touch          Hex            1%         N/A       86%         3
 Vampiric Draining        Necr           1%         2d6       86%         3
 Leda's Liquefaction      Alch/Erth      4%         N/A       92%         4
 Petrify                  Alch/Erth      8%         N/A       92%         4
 Sticky Flame             Fire/Alch      8%         2d4       92%         4
 Martyr's Knell           Necr/Summ      1%         N/A       99%         4
 Curse of Agony           Necr           1%         N/A       100%        5
 Metabolic Englaciation   Hex/Ice        0%         N/A       100%        5


Dungeon Overview and Level Annotations

Branches:
Dungeon (3/15)

Altars:

Shops:
D:1 (

Annotations:
D:2 Robin


Innate Abilities, Weirdness & Mutations

Your serpentine skin is tough. (AC +1)
You have supernaturally acute eyesight. (SInv)
Armour fits poorly on your strangely shaped body.
Your system is resistant to poisons. (rPois)
You cover ground very slowly.
You can spit poison.
You have a snake-like lower body.


Message History

The hobgoblin hits you.
* * * LOW HITPOINT WARNING * * *
Robin barely misses you.
You have got your breath back.
The hobgoblin attacks as it pursues you!
The hobgoblin hits you.
* * * LOW HITPOINT WARNING * * *
You feel better. The hobgoblin hits you.
* * * LOW HITPOINT WARNING * * *
You hit the hobgoblin.
The hobgoblin is lightly wounded.
The hobgoblin hits you.
* * * LOW HITPOINT WARNING * * *
You hit the hobgoblin.
The hobgoblin is almost dead.
The hobgoblin closely misses you.
You closely miss the hobgoblin.
The hobgoblin is almost dead.
The hobgoblin no longer looks unusually strong.
The hobgoblin barely misses you.
Robin roars a battlecry!
The hobgoblin goes into a battle-frenzy!
You hit the hobgoblin but do no damage.
The hobgoblin is almost dead.
The hobgoblin hits you.
* * * LOW HITPOINT WARNING * * *
You hit the hobgoblin but do no damage.
The hobgoblin is almost dead.
The hobgoblin hits you.
* * * LOW HITPOINT WARNING * * *
You are too injured to fight recklessly!
Casting: Sting (safe; 16% risk of failure)
Confirm with . or Enter, or press ? or * to list all spells.
Aiming: Sting (safe; 16% risk of failure)
Press: ? - help, Shift-Dir - straight line, f/p - hobgoblin
Aim: a hobgoblin (almost dead, strong, 71% to hit)
The sting misses the hobgoblin.
The sting hits Robin.
Robin is poisoned.
Robin is lightly wounded.
The hobgoblin hits you.
You die...

#.##.##.#
#.......##.#
#.......#
#.......##.#
####.####
#........#.# #.#
########.#.#
#.########...##.#.#
#........#........#
#######......##.###
#.....###.#
#.....@gg.##########
###)####>.##.......#
#.####..##.#####.# ##
#.#.....##.#####.####
.#
#.#.##.###.##........
.### #....#.#
#.##.##.####
...###### #......#
#.......# ..<.....#
##...### #.......#
.#.)###.## #...#
##.#..<.####


You could see Robin (poisoned) and a hobgoblin (strong).

Vanquished Creatures
  A dart slug (D:2)
  A bat (D:1)
  7 endoplasms
  3 giant cockroaches
  9 goblins
  6 hobgoblins
  5 kobolds
  A quokka (D:1)
  2 ball pythons
  A rat (D:1)
36 creatures vanquished.

Notes
Turn   | Place    | Note
-------+----------+-------------------------------------------
     0 | D:1      | Autsider the Naga Alchemist began the quest for the Orb.
     0 | D:1      | Reached XP level 1. HP: 15/15 MP: 3/3
   276 | D:1      | Found Saes's Weapon Shop.
   280 | D:1      | Reached XP level 2. HP: 24/24 MP: 3/5
   459 | D:1      | Reached skill level 4 in Alchemy
   666 | D:1      | Found a faded altar of an unknown god.
   855 | D:1      | Reached XP level 3. HP: 30/30 MP: 1/6
  1218 | D:2      | Reached skill level 1 in Fighting
  1244 | D:2      | Identified the +1 ring mail "Iggisef" {rF+ Dex+4}
  1896 | D:3      | Noticed Robin
  1918 | D:2      | Slain by a hobgoblin

Illustrated notes

Levels and vault maps discovered:
D:1:      spicycebolla_green_bress_n_ham_2, layout_basic, serial_shops,
          nicolae_shop_scrapyard, ebering_ecumenical_altar_rust
D:2:      layout_loops_cross
D:3:      layout_rooms, nicolae_overflow_squiral, lexackson_kobold_supper,
          uniq_jessica, uniq_robin

Skill      XL: |  1  2  3 |
---------------+----------+-----
Alchemy        | 4 |  4.4
Fighting       | 1 |  1.1
Armour         | |  0.1
Dodging        | |  1.5
Stealth        | |  3.0
Spellcasting   | |  2.3
Conjurations   | |  1.7

Action                     || total
---------------------------++-------
  Melee: Unarmed           ||     8
         Short sword       ||    31
   Cast: Sting             ||    60
Ability: Spit Poison       ||     3
    Use: Potion            ||     2
 Armour: Robe              ||    17
         Ring mail         ||    21
  Dodge: Dodged            ||    24

Table legend: (Time is in decaauts)
 A = Elapsed time spent in this place.
 B = Non-inter-level travel time spent in this place.
 C = Inter-level travel time spent in this place.
 D = Time resting spent in this place.
 E = Time spent auto-exploring this place.
 F = Levels seen in this place.
 G = Mean time per level.
                   A        B        C        D        E       F      G
               +--------+--------+--------+--------+--------+-----+--------+
         Total |   2398 |   2289 |    109 |    149 |   1817 |   3 |  799.3 |
       Dungeon |   2398 |   2289 |    109 |    149 |   1817 |   3 |  799.3 |
               +--------+--------+--------+--------+--------+-----+--------+

Top non-repeatable levels by time:
     D:1: 1287 daAuts
     D:2: 1057 daAuts
     D:3: 53 daAuts
